 Dungeon Crawl Stone Soup version 0.22-a0-136-g83a10e5 (webtiles) character file.

79 Daviar the Insei (level 4, -1/29 HPs)
             Began as an Octopode Transmuter on Feb 4, 2018.
             Slain by a goblin (4 damage)
             ... led by Robin
             ... on level 2 of the Dungeon.
             The game lasted 00:04:26 (1438 turns).

Daviar the Insei (Octopode Transmuter)              Turns: 1438, Time: 00:04:27

Health: -1/29      AC:  2    Str:  9    XL:     4   Next: 38%
Magic:  0/7        EV: 21    Int: 15    God:
Gold:   34         SH:  0    Dex: 18    Spells: 2/8 levels left

rFire    . . .     SeeInvis .     - Unarmed
rCold    . . .     Gourm    .   (shield currently unavailable)
rNeg     . . .     Faith    .   (helmet currently unavailable)
rPois    x         Spirit   .   (no amulet)
rElec    .         Reflect  .   E - +1 ring of evasion
rCorr    .         Harm     .   (no ring)
MR       .....                  (no ring)
Stlth    ++........             (no ring)
HPRegen  0.09/turn              (no ring)
MPRegen  0.10/turn              (no ring)
                                (no ring)
                                (no ring)

@: spider-form (expiring), very slightly contaminated
A: tiny, almost no armour, stealthy swim, (amphibious), 8 rings, (constrict 8)
a: End Transformation


You were on level 2 of the Dungeon.
You were hungry.
You were a venomous arachnid creature.
You visited 1 branch of the dungeon, and saw 2 of its levels.

You collected 34 gold pieces.

Inventory:

Missiles
 a - 10 arrows
 e - 40 stones (quivered)
Jewellery
 g - an uncursed ring of fire
 E - a +1 ring of evasion (left front leg)
Wands
 i - a wand of paralysis (5)
Scrolls
 f - 3 scrolls of identify {unknown}
 h - a scroll of blinking {unknown}
 j - a scroll of noise {unknown}
 k - a scroll of remove curse {unknown}
Potions
 l - a potion of cancellation {unknown}
Books
 b - a book of Changes

   Spells                             Type                      Level
   a - Beastly Appendage              Transmutation                1
   b - Sticks to Snakes               Transmutation                2
   c - Spider Form                    Transmutation/Poison         3
   d - Ice Form                       Ice/Transmutation            4
   e - Blade Hands                    Transmutation                5
 m - a book of Misfortune

   Spells                             Type                      Level
   a - Confusing Touch                Hexes                        1
   b - Confuse                        Hexes                        3
   c - Gell's Gravitas                Translocation                3
   d - Petrify                        Transmutation/Earth          4
   e - Metabolic Englaciation         Hexes/Ice                    5
   f - Yara's Violent Unravelling     Hexes/Transmutation          5
Comestibles
 c - 3 rations
 d - 7 chunks of flesh


   Skills:
 + Level 1.9 Fighting
 + Level 2.6 Dodging
 + Level 3.4 Unarmed Combat
 + Level 2.5 Spellcasting
 + Level 2.5 Transmutations


You had 2 spell levels left.
You knew the following spells:

 Your Spells              Type           Power        Failure   Level  Hunger
a - Beastly Appendage     Tmut           #.....       21%         1    #......
b - Sticks to Snakes      Tmut           #.......     26%         2    ###....
c - Spider Form           Tmut/Pois      #.........   58%         3    ###....


Dungeon Overview and Level Annotations

Branches:
Dungeon (2/15)

Altars:

Annotations:
D:2 Natasha, Robin


Innate Abilities, Weirdness & Mutations

You cannot wear most types of armour.
You are very stealthy in the water. (Stealth+)
((You are amphibious.))
You can wear up to eight rings at the same time.
((You can use your tentacles to constrict eight enemies at once.))
((Your skin changes colour to match your surroundings (Stealth+).))
((Your rubbery body absorbs attacks. (AC +1, EV +1)))


Message History

The goblin closely misses you.
Robin roars a battlecry!
The goblins go into a battle-frenzy!
You hear a shout!
Casting: Spider Form (slightly dangerous; 36% risk of failure)
Confirm with . or Enter, or press ? or * to list all spells.
You turn into a venomous arachnid creature.
Robin says, "Bow before me, strongest of all the hobgoblins!"
You now have 0/7 mp.
You hit the goblin.
You kill the goblin!
The goblin closely misses you.
You closely miss the goblin. The goblin misses you.
You barely miss the goblin. The goblin closely misses you.
You completely miss Robin.
Your transformation is almost over.
Robin hits you with a mace.
* * * LOW HITPOINT WARNING * * *
The goblin hits you.
You die...

#...................# h.........
#...(....g..........# #.........
#..................#####.........
#..................#.............
#..................#.............
#..........#......##.............
#..........#......##..........###
#..........#######..........#....
#...........g..gs...........#....
#..............g)...........#....
#...................#.......#....
########....#########.......#....
###... .................
#.................##....
#.................##.###
#.................##.###
......................


You could see Robin and 2 goblins.

Vanquished Creatures
  2 adders (D:2)
  A worm (D:2)
  A dart slug (D:1)
  A leopard gecko (D:1)
  2 ball pythons
  2 giant cockroaches (D:2)
  9 goblins
  7 hobgoblins
  2 jackals (D:2)
  6 kobolds
  3 quokkas (D:2)
  7 bats
  3 frilled lizards
  6 rats
52 creatures vanquished.

Notes
Turn   | Place    | Note
-------+----------+-------------------------------------------
     0 | D:1      | Daviar the Octopode Transmuter began the quest for the Orb.
     0 | D:1      | Reached XP level 1. HP: 13/13 MP: 3/3
   315 | D:1      | Reached XP level 2. HP: 17/18 MP: 5/5
   703 | D:1      | Reached XP level 3. HP: 23/23 MP: 3/6
   799 | D:2      | Learned a level 2 spell: Sticks to Snakes
   803 | D:2      | Learned a level 3 spell: Spider Form
  1196 | D:2      | Reached XP level 4. HP: 21/29 MP: 0/7
  1297 | D:2      | Noticed Natasha
  1405 | D:2      | Noticed Robin
  1438 | D:2      | Slain by a goblin

Vault maps used:
D:1:      minmay_arrival_wavy_path
D:2:      uniq_robin, uniq_natasha

Action                   |  1- 3 |  4- 6 || total
-------------------------+-------+-------++-------
Melee: Unarmed           |    76 |    47 ||   123
       Constrict         |    23 |     9 ||    32
       Kick              |    16 |       ||    16
       Tentacles         |     7 |     5 ||    12
       Punch             |     3 |     1 ||     4
 Cast: Beastly Appendage |     9 |     1 ||    10
       Sticks to Snakes  |     2 |       ||     2
       Spider Form       |       |     2 ||     2
 Stab: Sleeping          |     3 |       ||     3
  Eat: Chunk             |     1 |     1 ||     2
Armor: Skin              |    10 |     5 ||    15
Dodge: Dodged            |    47 |    40 ||    87

Table legend:
 A = Spawn XP
 B = Non-spawn XP
 C = Spawn XP percentage of total XP
 D = Spawn monster count
 E = Non-spawn monster count
 F = Spawn count percentage of total count
 G = Total turns spent on level
                    A         B        C        D         E        F      G
               +---------+---------+-------+---------+---------+-------+---------
         Total |       0 |     114 |   0.0 |       0 |      52 |   0.0 |  1438
               +---------+---------+-------+---------+---------+-------+---------
           D:1 |       0 |      34 |   0.0 |       0 |      19 |   0.0 |   764
           D:2 |       0 |      80 |   0.0 |       0 |      33 |   0.0 |   674
               +---------+---------+-------+---------+---------+-------+---------
